 Dungeon Crawl Stone Soup version 0.30.1-9-gdf580d7c3d (webtiles) character file.

Game seed: 14475953814434914908

826 KittyFluff the Covered (level 7, -2/66 HPs)
             Began as a Gargoyle Berserker on Oct 10, 2023.
             Was a Believer of Trog.
             Hit by a stone thrown by a wight (5 damage)
             ... on level 5 of the Dungeon.
             The game lasted 00:14:17 (3934 turns).

KittyFluff the Covered (Gargoyle Berserker)         Turns: 3934, Time: 00:14:17

Health: -2/66      AC: 10    Str: 22    XL:     7   Next: 96%
Magic:  7/7        EV: 12    Int:  8    God:    Trog [**....]
Gold:   264        SH:  0    Dex:  9    Spells: 6/6 levels left

rFire   . . .        c - +0 quarterstaff
rCold   . . .        (shield currently unavailable)
rNeg    + . .        e - +0 leather armour
rPois   ∞            (no helmet)
rElec   +            (no cloak)
rCorr   .            (no gloves)
SInv    .            n - +1 pair of boots
Will    .....        (no amulet) Stlth
                     (no ring)
HPRegen 0.31/turn    (no ring)
MPRegen 0.10/turn

%: no passive effects
@: berserking, very quick
A: sickness immunity, AC +4, negative energy resistance 1, electricity
resistance, torment resistance 1, petrification resistance
a: Renounce Religion, Berserk, Trog's Hand


You were on level 5 of the Dungeon.
You worshipped Trog.
Trog was pleased with you.
You visited 1 branch of the dungeon, and saw 5 of its levels.

You collected 264 gold pieces.

Inventory:

Hand Weapons
 a - a +0 mace
 c - a +0 quarterstaff (weapon)
 j - a +0 arbalest
Missiles
 k - 5 boomerangs (quivered)
Armour
 e - a +0 leather armour (worn)
 n - a +1 pair of boots (worn)
Scrolls
 b - a scroll of immolation {unknown}
 d - 3 scrolls of fog {unknown}
 i - 5 scrolls of identify {unknown}
 l - 2 scrolls of vulnerability {unknown}
 m - a scroll of teleportation {unknown}
 o - a scroll of magic mapping {unknown}
 p - a scroll of silence {unknown}
 u - a scroll of amnesia {unknown}
 v - a scroll of summoning {unknown}
Potions
 f - 2 potions of might {unknown}
 g - 3 potions of brilliance {unknown}
 h - 2 potions of attraction {unknown}
 q - a potion of heal wounds {unknown}
 r - a potion of cancellation {unknown}
 s - a potion of curing {unknown}
 t - a potion of resistance {unknown}


   Skills:
 + Level 4.7 Fighting
 + Level 4.4(5.2) Maces & Flails
 * Level 4.2(5.1) Staves
 + Level 0.7 Throwing
 * Level 5.4 Armour
 + Level 3.0 Dodging


You had 6 spell levels left.
You didn't know any spells.
Your spell library was empty.

Dungeon Overview and Level Annotations

Branches:
Dungeon (5/15)
 Temple: D:4-7

Altars:
Elyvilon
Kikubaaqudgha
Sif Muna

Shops:
D:4 ?


Innate Abilities, Weirdness & Mutations

You are immune to sickness and miasma.
Your stone body is resilient. (AC +4)
You are immune to poison.
You resist negative energy. (rN+)
You are resistant to electric shocks. (rElec)
You are resistant to unholy torment.
You are immune to petrification.


Message History

You hit the scorpion but do no damage.
The scorpion is moderately wounded.
The scorpion closely misses you.
You hit the scorpion but do no damage.
The scorpion is moderately wounded.
The scorpion misses you. The scorpion stings you.
You sock the scorpion!
The scorpion is severely wounded.
The scorpion barely misses you.
You closely miss the scorpion.
The scorpion is severely wounded.
The scorpion barely misses you.
You hit the scorpion but do no damage.
The scorpion is severely wounded.
The scorpion stings you.
You hit the scorpion.
You kill the scorpion!
Trog accepts your kill.
You sock the wight!
The wight is heavily damaged.
The wight hits you with a +0 great sword!
You closely miss the wight.
The wight is heavily damaged.
The wight hits you from afar with a +5 halberd.
The wight hits you but does no damage.
You hit the wight but do no damage.
The wight is heavily damaged.
The wight hits you from afar with a +5 halberd!
* * * LOW HITPOINT WARNING * * *
The wight misses you.
A red film seems to cover your vision as you go berserk!
You feel yourself moving faster!
You feel mighty!
The wight hits you from afar with a +5 halberd!
* * * LOW HITPOINT WARNING * * *
The wight closely misses you.
You thump the wight!
You destroy the wight!
Trog accepts your kill.
The wight throws a stone.
The stone hits you.
You die...

#.#......#
# ##.....#
#.##.....#
.
#......###
.. ######.#
... #.# ...
#.# ..
#.###z###..
#..@)z?...#
#####.#...#
# #


You could see 2 wights.

Vanquished Creatures
  A black bear (D:4)
  A phantom (D:4)
  A gnoll sergeant (D:4)
  3 scorpions
  A wight (D:5)
  A hound (D:4)
  A jelly (D:4)
  Jessica (D:3)
  A sleepcap (D:4)
  4 iguanas
  An orc wizard (D:3)
  8 gnolls
  3 adders
  An ufetubus (D:4)
  2 worms
  A dart slug (D:1)
  3 orcs (D:3)
  7 endoplasms
  4 goblins
  7 hobgoblins
  7 jackals
  4 kobolds
  2 quokkas (D:4)
  12 ball pythons
  6 bats
  3 frilled lizards
  3 rats
89 creatures vanquished.

Vanquished Creatures (others)
  An orc wizard (D:3)
1 creature vanquished.

Grand Total: 90 creatures vanquished

Notes
Turn   | Place    | Note
-------+----------+-------------------------------------------
     0 | D:1      | KittyFluff the Gargoyle Berserker began the quest for the
                  | Orb.
     0 | D:1      | Reached XP level 1. HP: 14/14 MP: 1/1
    85 | D:1      | Reached XP level 2. HP: 19/19 MP: 2/2
   813 | D:2      | Reached XP level 3. HP: 23/23 MP: 3/3
   817 | D:2      | Reached skill level 1 in Staves
   823 | D:2      | Reached skill level 3 in Armour
  1042 | D:2      | Found an ancient bone altar of Kikubaaqudgha.
  1045 | D:2      | Reached ** piety under Trog
  1123 | D:2      | Reached XP level 4. HP: 25/28 MP: 4/4
  1633 | D:3      | Found a white marble altar of Elyvilon.
  1634 | D:3      | Found an ancient bone altar of Kikubaaqudgha.
  1758 | D:3      | HP: 1/43 [something (4)]
  2132 | D:3      | Reached XP level 5. HP: 20/33 MP: 5/5
  2381 | D:3      | Noticed Jessica
  2386 | D:3      | Killed Jessica
  2480 | D:3      | Found a faded altar of an unknown god.
  2593 | D:4      | Reached skill level 4 in Armour
  2593 | D:4      | Reached XP level 6. HP: 8/38 MP: 6/6
  2824 | D:4      | Found Cuoh's Magic Scroll Shop.
  2824 | D:4      | Noticed a black bear
  2837 | D:4      | Killed a black bear
  2869 | D:4      | Found a shimmering blue altar of Sif Muna.
  2993 | D:4      | Reached XP level 7. HP: 42/44 MP: 7/7
  3257 | D:4      | Reached skill level 5 in Armour
  3444 | D:5      | Entered Level 5 of the Dungeon
  3933 | D:5      | HP: 3/66 [wight/+5 halberd (9)]
  3934 | D:5      | Hit by a stone thrown by a wight

Illustrated notes

Levels and vault maps discovered:
D:1:      heliophobic_arrival_enchanted_forest, layout_basic,
          minmay_misc_feat_secret_circle
D:2:      layout_loops_ring, basic_altar
D:3:      layout_basic, mainiacjoe_overflow_divided_tiny,
          shapermc_ecumenical_altar_mp_ritualfount,
          nicolae_figureground_sparkle, uniq_jessica
D:4:      layout_basic, general_overflow_altar, serial_shops, shop
D:5:      layout_loops_cross

Skill      XL: |  1  2  3  4  5  6  7 |
---------------+----------------------+-----
Staves         | 1 2 3 4 |  4.2
Armour         | 3 4 5 |  5.4
Dodging        | 2 3 |  3.0
Fighting       | 4 |  4.7
Maces & Flails | 4 |  4.4
Throwing       | |  0.7

Action                     |  1- 3 |  4- 6 |  7- 9 || total
---------------------------+-------+-------+-------++-------
  Melee: Mace              |    15 |       |       ||    15
         Quarterstaff      |    56 |   129 |    82 ||   267
 Invoke: Berserk           |       |     2 |     1 ||     3
 Armour: Animal skin       |     7 |       |       ||     7
         Leather armour    |    18 |    49 |    23 ||    90
  Dodge: Dodged            |    44 |    66 |    46 ||   156
